 Dungeon Crawl Stone Soup version 0.26.0-7-g794d0892b4 (webtiles) character file.

Game seed: 2423655355935995651

3026 LSt the Covert (level 9, -5/48 HPs)
             Began as a Vampire Enchanter on Jan 11, 2021.
             Slain by a wolf (8 damage)
             ... led by Grum
             ... on level 7 of the Dungeon.
             The game lasted 01:10:51 (10668 turns).

LSt the Covert (Vampire Enchanter)                 Turns: 10668, Time: 01:10:51

Health: -5/48      AC:  3    Str:  7    XL:     9   Next: 55%
Magic:  12/12      EV: 14    Int: 18    God:
Gold:   501        SH:  0    Dex: 17    Spells: 3/12 levels left

rFire    . . .     SeeInvis +   a - +1 dagger
rCold    + + .     Faith    .   (no shield)
rNeg     + + +     Spirit   .   I - +0 robe {Will+}
rPois    ∞         Reflect  .   C - +0 helmet
rElec    .         Harm     .   (no cloak)
rCorr    .         Rampage  .   (no gloves)
Will     ++...                  (no boots)
Stlth    +++++++...             (no amulet)
HPRegen  0.00/turn              V - ring of willpower
MPRegen  0.13/turn              (no ring)

@: bloodless
A: fangs 3, see invisible, unbreathing
a: Bat Form, Revivify


You were on level 7 of the Dungeon.
You visited 2 branches of the dungeon, and saw 9 of its levels.

You collected 501 gold pieces.

Inventory:

Hand Weapons
 a - a +1 dagger (weapon)
 b - a +0 hunting sling
 c - a +2 flail of protection
 e - a cursed +0 falchion
 u - the +7 mace of the Lost Spreadsheets {vorpal, rC++ Will- Str+4 Int+2, unknown}
   (You found it on level 6 of the Dungeon)

   It inflicts extra damage upon your enemies.
   It affects your strength (+4).
   It affects your intelligence (+2).
   It greatly protects you from cold.
   It affects your willpower, your defense against some magical effects.
 v - a +5 flail
 x - a +3 halberd of flaming
 B - a +0 falchion
 F - a +2 dagger of draining
 M - a +0 rapier
 T - a +0 arbalest
 Y - a +0 rapier of electrocution
Missiles
 f - 274 stones
 j - 57 sling bullets
 q - 42 poisoned darts
 G - 72 bolts
 R - 106 arrows
 X - 2 javelins
Armour
 C - a +0 helmet (worn)
 I - a +0 robe of willpower (worn)
 Z - the cursed +0 robe of Lucimyunt {rF+ rC+ rCorr Stlth+, unknown}
   (You found it on level 7 of the Dungeon)

   It protects you from fire.
   It protects you from cold.
   It provides partial protection from all sources of acid and corrosion.
   It makes you more stealthy.
   It has a curse placed upon it.
Jewellery
 k - a +6 ring of dexterity {unknown}
 l - an uncursed ring of stealth {unknown}
 o - an uncursed ring of ice {unknown}
 p - a +6 ring of intelligence {unknown}
 w - a cursed amulet of inaccuracy {unknown}
 y - an uncursed amulet of guardian spirit {unknown}
 H - an uncursed ring of stealth {unknown}
 P - an uncursed amulet of the acrobat {unknown}
 Q - an uncursed amulet of faith {unknown}
 V - a ring of willpower (left hand)
Wands
 g - a wand of paralysis (4)
 z - a wand of polymorph (9)
 A - a wand of flame (21)
 O - a wand of random effects (18)
 U - a wand of disintegration (19)
Scrolls
 d - 4 scrolls of remove curse {unknown}
 i - 4 scrolls of teleportation {unknown}
 n - a scroll of enchant weapon {unknown}
 s - 4 scrolls of amnesia {unknown}
 t - a scroll of random uselessness {unknown}
 D - a scroll of blinking {unknown}
 E - 4 scrolls of identify {unknown}
 L - a scroll of fog {unknown}
 N - a scroll of holy word {unknown}
 S - a scroll of enchant armour {unknown}
Potions
 h - 9 potions of curing {unknown}
 m - 3 potions of heal wounds {unknown}
 r - 5 potions of attraction {unknown}
 J - a potion of might
 K - 6 potions of degeneration {unknown}


   Skills:
 - Level 2.0 Fighting
 + Level 9.4 Short Blades
 - Level 4.0 Dodging
 - Level 12.1 Stealth
 - Level 2.0 Spellcasting
 - Level 9.2 Hexes
 - Level 1.0 Ice Magic


You had 3 spell levels left.
You knew the following spells:

 Your Spells              Type           Power        Failure   Level
a - Corona                Hex            38%          1%          1
b - Ensorcelled Hibernat  Hex/Ice        40%          3%          2
c - Confusing Touch       Hex            35%          1%          3
d - Tukima's Dance        Hex            35%          1%          3

Your spell library contained the following spells:

 Spells                   Type           Power        Failure   Level
 Dazzling Flash           Conj/Hex       36%          9%          3
 Animate Skeleton         Necr           2%           19%         1
 Pain                     Necr           4%           19%         1
 Vampiric Draining        Necr           0%           47%         3
 Animate Dead             Necr           0%           87%         4
 Agony                    Necr           1%           99%         5


Dungeon Overview and Level Annotations

Branches:
Dungeon (8/15)             Temple (1/1) D:4
   Lair: D:8-11

Altars:
Cheibriados
Dithmenos
Elyvilon
Gozag
Hepliaklqana
Kikubaaqudgha
Makhleb
Nemelex Xobeh
Okawaru
Ru
Sif Muna
Trog
Uskayaw
Vehumet
Wu Jian
Xom
Zin
The Shining One
Lugonu

Shops:
D:2 *   D:4 [

Annotations:
D:7 2 runed translucent doors, Veteran's ghost, novice DDFi


Innate Abilities, Weirdness & Mutations

You do not regenerate when monsters are visible.
You are frail without blood (-20% HP).
You can heal yourself when you bite living creatures.
You are immune to poison.
You have razor-sharp teeth.
You have supernaturally acute eyesight. (SInv)
You can survive without breathing.


Message History

You drop 2 fuming orange potions.
J - a potion of might You start resting.
Magic restored.
A wolf is nearby!
The wolf howls!
The wolf misses you. The wolf bites you but does no damage. The wolf bites you.
The wolf bites you. The wolf barely misses you.
There is an escape hatch in the ceiling here.
The wolf bites you! The wolf barely misses you.
A mysterious force pulls you upwards. The hatch slams shut behind you.
Level annotation: 2 runed translucent doors, Veteran's ghost, novice DDFi The wolf misses you.
The wolf bites you! The wolf bites you. The wolf bites you. The wolf bites you!
* * * LOW HITPOINT WARNING * * *
The wolf misses you. The wolf bites you.
* * * LOW HITPOINT WARNING * * *
The wolf bites you!
You die...

....#...#..#..................#
....##....###[........###...###
.<...##...............###.###
.[......................#..##
..........#.................#
.........###..............P.#
...........#....>.......8.8#####
.............#.#<.......P.P###.##
.............#.#@.###.##....##.!#
...............hh...#..#....)....
.#.....#........................#
###....####.......#......#.....##
##..####.......###..##.#...###
#.................###.#..##
##...#.###........)......##
#####..#####....8............#
#.....## ##......###......##


You could see 2 wolves.

Vanquished Creatures
  An unseen horror (D:7)
  Grum (D:8)
  An orc warrior (D:6)
  3 phantoms
  2 centaurs
  2 necrophages
  2 ogres
  2 bullfrogs
  A scorpion (D:7)
  7 wights
  A crimson imp (D:3)
  A bullfrog zombie (D:6)
  A jelly (D:7)
  4 orc priests
  5 hounds
  6 orc wizards
  Jessica (D:3)
  Terence (D:3)
  4 worker ants
  Robin (D:3)
  4 gnolls (D:5)
  A howler monkey skeleton (D:4)
  12 adders
  A river rat (D:3)
  2 shadow imps (D:6)
  2 ufetubi
  3 oozes
  An adder skeleton (D:5)
  A worm (D:2)
  5 dart slugs
  5 leopard geckos
  22 orcs
  3 ball pythons
  9 bats
  9 giant cockroaches
  14 hobgoblins
  10 jackals
  5 quokkas
  2 frilled lizards
  12 goblins
  A jackal skeleton (D:5)
  6 kobolds
  A quokka zombie (D:5)
  10 rats
188 creatures vanquished.

Notes
Turn   | Place    | Note
-------+----------+-------------------------------------------
     0 | D:1      | LSt the Vampire Enchanter began the quest for the Orb.
     0 | D:1      | Reached XP level 1. HP: 13/13 MP: 3/3
   392 | D:1      | Reached XP level 2. HP: 12/19 MP: 5/5
   395 | D:1      | Learned a level 2 spell: Ensorcelled Hibernation
   428 | D:1      | You fall into a shaft and drop 1 floor!
   428 | D:2      | Found an opulent altar of Gozag.
   577 | D:1      | Reached skill level 1 in Ice Magic
   663 | D:1      | Reached skill level 1 in Fighting
   856 | D:1      | Reached skill level 5 in Hexes
   856 | D:1      | Reached XP level 3. HP: 26/26 MP: 6/6
   860 | D:1      | Learned a level 3 spell: Confusing Touch
   890 | D:2      | Found Gozag's Platinum Reserve.
  1560 | D:2      | Reached XP level 4. HP: 25/25 MP: 7/7
  1752 | D:2      | Reached skill level 5 in Stealth
  2228 | D:2      | Found a sacrificial altar of Ru.
  2767 | D:3      | You fall into a shaft and drop 1 floor!
  2820 | D:4      | Reached XP level 5. HP: 25/29 MP: 0/8
  2973 | D:3      | Reached skill level 6 in Stealth
  3039 | D:3      | Noticed Terence
  3045 | D:3      | Killed Terence
  3100 | D:3      | Noticed Jessica
  3138 | D:3      | Reached skill level 7 in Stealth
  3155 | D:3      | Noticed Robin
  3198 | D:3      | Killed Robin
  3359 | D:3      | Reached XP level 6. HP: 27/38 MP: 4/9
  3446 | D:3      | Found a radiant altar of Vehumet.
  3446 | D:3      | Found a burning altar of Makhleb.
  3457 | D:3      | Learned a level 3 spell: Tukima's Dance
  3643 | D:3      | Killed Jessica
  3797 | D:3      | Reached skill level 8 in Stealth
  4375 | D:4      | Found Wefiod Like's Armour Emporium.
  4590 | D:4      | Found a staircase to the Ecumenical Temple.
  4597 | Temple   | Entered the Ecumenical Temple
  4891 | D:5      | Entered Level 5 of the Dungeon
  5115 | D:5      | Reached XP level 7. HP: 38/38 MP: 10/10
  5308 | D:5      | Found a shimmering altar of Xom.
  5406 | D:5      | Reached skill level 9 in Stealth
  5640 | D:5      | Reached skill level 5 in Short Blades
  5968 | D:4      | Reached skill level 10 in Stealth
  6546 | D:6      | Found a glowing golden altar of the Shining One.
  6901 | D:6      | Reached XP level 8. HP: 43/44 MP: 6/11
  7127 | D:6      | Found an iron altar of Okawaru.
  7135 | D:6      | Got an ancient mace
  7340 | D:6      | Found an ancient bone altar of Kikubaaqudgha.
  7449 | D:7      | Noticed an unseen horror
  7459 | D:7      | Killed an unseen horror
  7682 | D:7      | Found a runed translucent door.
  8039 | D:6      | Reached skill level 11 in Stealth
  8706 | D:7      | Reached XP level 9. HP: 48/48 MP: 8/12
  8775 | D:7      | Got a smoking robe
  8834 | D:7      | Found a bloodstained altar of Trog.
  8841 | D:7      | Found a snail-covered altar of Cheibriados.
  8889 | D:7      | Found a runed translucent door.
  8890 | D:7      | Noticed a necromancer
  8890 | D:7      | Noticed Veteran's ghost (novice DDFi)
  8907 | D:7      | Found a sparkling altar of Nemelex Xobeh.
  9558 | D:7      | Reached skill level 12 in Stealth
 10579 | D:8      | Noticed Grum
 10601 | D:8      | Killed Grum
 10668 | D:7      | Slain by a wolf

Illustrated notes

Levels and vault maps discovered:
D:1:      wander_arrival_lonely_grave, layout_loops_ring
D:2:      minmay_diamond_boxcup, layout_loops_corners,
          nicolae_gozag_zags_fifth_avenue, nicolae_overflow_crystal_walls
D:3:      layout_rooms, grunt_temple_overflow_lords_of_destruction,
          portal_sewer_entry_e, corexii_hall_statues_t, uniq_jessica,
          uniq_terence, uniq_robin
D:4:      layout_rooms, minmay_temple_entry_crystal_x, serial_shops, shop_coins,
          chequers_jeans
D:5:      layout_loops_ring, basic_altar, minmay_misc_feat_rows
D:6:      layout_basic, kennysheep_mini_moat, lemuel_doored_altar,
          okawaru_ov_weapons_minmay, hangedman_decor_riveting
D:7:      layout_cave_pools, lemuel_crystal_altar, grunt_temple_overflow_open,
          ebering_ghost_inner_flame, serial_undead, serial_undead_f,
          serial_undead_b, serial_undead_c, serial_undead_d, st_stairs_13,
          lightli_church_of_beogh
D:8:      layout_basic, yredelemnul_forgotten_temple_becter, serial_curves,
          eino_curves_02, eino_curves_02, eino_curves_03, eino_curves_04,
          uniq_grum
Temple:   corrupted_temple

Skill      XL: |  1  2  3  4  5  6  7  8  9 |
---------------+----------------------------+-----
Short Blades   | 2 3 4 5 8 9 |  9.4
Ice Magic      | 1 |  1.0
Fighting       | 1 2 |  2.0
Hexes          | 5 6 7 8 9 |  9.2
Stealth        | 5 7 8 10 11 12 | 12.1
Dodging        | 4 |  4.0
Spellcasting   | |  2.0

Action                   |  1- 3 |  4- 6 |  7- 9 || total
-------------------------+-------+-------+-------++-------
Melee: Dagger            |    89 |   266 |   335 ||   690
       Bite              |     3 |    24 |    31 ||    58
       Halberd           |       |       |     6 ||     6
 Cast: Corona            |     7 |       |     9 ||    16
       Ensorcelled Hiber |     2 |    30 |    27 ||    59
       Confusing Touch   |       |     3 |    30 ||    33
 Abil: Exsanguinate      |     1 |     1 |       ||     2
       Revivify          |       |     1 |       ||     1
 Stab: Sleeping          |    18 |    29 |    26 ||    73
       Confused          |       |     2 |    31 ||    33
Armor: Robe              |    15 |    24 |    35 ||    74
Dodge: Dodged            |    45 |   145 |   153 ||   343
